 Dungeon Crawl Stone Soup version 0.29-a0-1065-g47a6bb87d6 (webtiles) character file.

Game seed: 4658202097121125676

863 Zeldest the Sneak (level 7, 0/52 HPs)
             Began as a Demonspawn Wanderer on Aug 18, 2022.
             Was a Believer of Ru.
             Splashed by a jelly's acid (12 damage)
             ... on level 6 of the Dungeon on Aug 19, 2022.
             The game lasted 00:06:09 (5857 turns).

Zeldest the Sneak (Demonspawn Wanderer)             Turns: 5857, Time: 00:06:09

Health: 0/52       AC:  2    Str: 16    XL:     7   Next: 72%
Magic:  9/9        EV: 10    Int: 11    God:    Ru [**....]
Gold:   225        SH:  5    Dex: 13    Spells: 6/6 levels left

rFire   . . .      SeeInvis .     - Unarmed
rCold   . . .      Faith    .   d - +0 buckler
rNeg    . . .      Spirit   .   k - +0 ring mail
rPois   .          Reflect  .   (helmet restricted)
rElec   .          Harm     .   (no cloak)
rCorr   .          Rampage  .   (no gloves)
Will    .....                   h - +0 pair of boots
Stlth   ++........              (no amulet)
HPRegen 0.17/turn               (no ring)
MPRegen 0.11/turn               (no ring)

@: corroded
A: antennae 1, spiny 1, hated by all, weakness stinger 1, demonic touch 1
a: Renounce Religion


You were on level 6 of the Dungeon.
You worshipped Ru.
Ru was pleased with you.
You visited 2 branches of the dungeon, and saw 7 of its levels.

You collected 300 gold pieces.
You spent 75 gold pieces at shops.

Inventory:

Armour
 d - a +0 buckler (worn)
 h - a +0 pair of boots (worn)
 k - a +0 ring mail (worn)
Scrolls
 b - 2 scrolls of torment {unknown}
 c - 2 scrolls of amnesia {unknown}
 e - 2 scrolls of fog
 f - a scroll of fear {unknown}
 j - 7 scrolls of identify {unknown}
 m - a scroll of summoning {unknown}
 o - 2 scrolls of enchant weapon {unknown}
 p - 2 scrolls of teleportation {unknown}
 q - a scroll of brand weapon {unknown}
 r - a scroll of magic mapping
 t - a scroll of vulnerability {unknown}
Potions
 a - a potion of attraction {unknown}
 g - a potion of degeneration {unknown}
 i - 2 potions of curing {unknown}
 l - 2 potions of resistance {unknown}
 n - 3 potions of mutation {unknown}
 s - a potion of might {unknown}
 u - 2 potions of brilliance {unknown}


   Skills:
 + Level 3.5 Fighting
 - Level 2.5(2.8) Axes
 - Level 1.7(2.4) Maces & Flails
 + Level 3.2 Armour
 + Level 1.4 Dodging
 - Level 3.6 Stealth
 + Level 3.3 Shields
 * Level 3.4 Unarmed Combat
 - Level 3.6 Invocations


You had 6 spell levels left.
You didn't know any spells.
Your spell library was empty.

Dungeon Overview and Level Annotations

Branches:
Dungeon (6/15)             Temple (1/1) D:4

Altars:
Cheibriados
Dithmenos
Kikubaaqudgha
Nemelex Xobeh
Qazlal
Ru
Uskayaw
Vehumet
Wu Jian
Xom

Shops:
D:3 ?*

Annotations:
D:5 3 runed translucent doors, nickcage's ghost, novice KoEn


Innate Abilities, Weirdness & Mutations

You have a pair of small antennae on your head.
You are partially covered in sharp spines.
You are hated by all.
You have a small tail.
Your touch may inflict minor irresistible damage on your foes.


Message History

You barely miss the necrophage.
The necrophage is almost destroyed.
The necrophage is struck by your spines.
The necrophage hits you.
You hit the necrophage but do no damage.
The necrophage is almost destroyed.
You redirect the necrophage's attack!
The necrophage barely misses itself.
You catch the helpless necrophage completely off-guard!
You hit the necrophage.
You destroy the necrophage!
Your life force feels restored.
Found a scroll of magic mapping.
You see here a necrophage corpse.
You start resting.
A jelly comes into view.
A jelly is nearby!
A scorpion comes into view.
You see here 2 scrolls labelled CAYHOGHICZA.
The jelly quivers.
The jelly is struck by your spines. The jelly closely misses you.
You hit the jelly.
Your hands burn!
You tail-slap the jelly.
The jelly is moderately wounded.
You hit the jelly.
Your hands burn!
The jelly is heavily wounded.
The jelly hits you but does no damage.
You hit the jelly but do no damage.
Your hands burn!
The jelly is heavily wounded.
The jelly hits you. The acid corrodes you!
You are splashed with acid!
You hit the jelly but do no damage.
Your hands burn!
You tail-slap the jelly, but do no damage.
The jelly is heavily wounded.
The jelly hits you.
You are splashed with acid!
* * * LOW HITPOINT WARNING * * *
You see here 2 scrolls labelled CAYHOGHICZA.
b - 2 scrolls labelled CAYHOGHICZA The jelly hits you.
* * * LOW HITPOINT WARNING * * *
You are splashed with acid!
You die...

#.# #. #.# #. #.# #. #.#
#. ####.# ## ###
##....########### ##...
#................
#.....###.†##############
#...?.sJ@..# #.....####.#
##... #.# ##. #.# .. #.#
.# #.# #.# .#


You could see a scorpion and a jelly.

Vanquished Creatures
  Sigmund (D:2)
  A centaur (D:5)
  A phantom (D:3)
  3 necrophages
  A gnoll bouda (D:5)
  3 orc priests
  A hound (D:5)
  A jelly (D:5)
  2 iguanas
  A gnoll (D:1)
  6 adders
  A shadow imp (D:5)
  2 dart slugs
  5 orcs
  5 ball pythons
  10 endoplasms
  A giant cockroach (D:1)
  4 goblins
  6 hobgoblins
  A jackal (D:5)
  6 kobolds
  8 quokkas
  4 bats
  3 frilled lizards (D:2)
  4 rats
81 creatures vanquished.

Vanquished Creatures (others)
  3 plants
3 creatures vanquished.

Grand Total: 84 creatures vanquished

Notes
Turn   | Place    | Note
-------+----------+-------------------------------------------
     0 | D:1      | Zeldest the Demonspawn Wanderer began the quest for the
                  | Orb.
     0 | D:1      | Zeldest set off with the following items: a +2 dagger, a
                  | scroll of blinking, a +0 mace, a +0 buckler, a scroll of
                  | fog, a +0 leather armour.
     0 | D:1      | Reached XP level 1. HP: 15/15 MP: 1/1
   471 | D:1      | Gained mutation: You are partially covered in sharp spines.
                  | [demonic ancestry]
   471 | D:1      | Reached XP level 2. HP: 20/21 MP: 3/3
   621 | D:1      | Reached skill level 1 in Axes
   665 | D:1      | Reached XP level 3. HP: 26/26 MP: 4/4
   763 | D:1      | Found a faded altar of an unknown god.
  1024 | D:2      | Noticed Sigmund
  1038 | D:2      | Killed Sigmund
  1039 | D:2      | Discovered your monstrous ancestry.
  1039 | D:2      | Gained mutation: You have a small tail. [demonic ancestry]
  1039 | D:2      | Reached XP level 4. HP: 33/33 MP: 4/6
  1039 | D:2      | Gained mutation: Your touch may inflict minor irresistible
                  | damage on your foes. [demonic ancestry]
  1039 | D:2      | Reached XP level 5. HP: 38/38 MP: 4/7
  1279 | D:2      | Found an ornate altar of the Wu Jian Council.
  1784 | D:3      | Found Bepsecit's General Store.
  2041 | D:3      | Found Entutwegh's Magic Scroll Shoppe.
  2047 | D:3      | Bought a scroll of magic mapping for 75 gold pieces
  2243 | D:3      | Reached skill level 1 in Unarmed Combat
  2523 | D:4      | Noticed a phantom
  2555 | D:3      | Killed a phantom
  2556 | D:3      | Gained mutation: You have a pair of small antennae on your
                  | head. [demonic ancestry]
  2556 | D:3      | Reached XP level 6. HP: 24/46 MP: 8/8
  2763 | D:4      | Found a staircase to the Ecumenical Temple.
  2784 | Temple   | Entered the Ecumenical Temple
  2853 | Temple   | Became a worshipper of Ru the Awakened
  3777 | D:4      | Found a shimmering altar of Xom.
  3978 | D:5      | Entered Level 5 of the Dungeon
  4002 | D:5      | Reached XP level 7. HP: 43/52 MP: 9/9
  4083 | D:5      | Found a runed translucent gate.
  4085 | D:5      | Found a runed translucent gate.
  4085 | D:5      | Found a runed translucent gate.
  4203 | D:5      | Noticed nickcage's ghost (novice KoEn)
  4305 | D:5      | Reached skill level 1 in Dodging
  4328 | D:5      | Gained mutation: You are hated by all. [Ru sacrifice]
  4328 | D:5      | Reached * piety under Ru
  4328 | D:5      | Reached ** piety under Ru
  5857 | D:6      | Splashed by a jelly's acid

Illustrated notes

Levels and vault maps discovered:
D:1:      eino_arrival_cavern_b, layout_loops_cross,
          ebering_ecumenical_altar_rust, minmay_octomino_e4
D:2:      layout_basic, basic_altar, uniq_sigmund
D:3:      cheibrodos_old_hovel, layout_loops_corners, serial_shops, shop,
          nicolae_shop_hallway_stairs, nicolae_titane
D:4:      layout_cave_pools, xom_butterflies, minmay_temple_entry_proselytizer,
          minmay_misc_feat_room, minmay_misc_feat_square, abandoned_shop
D:5:      layout_basic, ebering_ghost_rock_garden, minmay_misc_feat_plants,
          st_stairs_14, minmay_misc_feat_alley, kennysheep_generic_room_12
D:6:      layout_loops_ring, nicolae_hepliaklqana_ecumenical_no_more,
          serial_shops, shop, nicolae_specific_store, nicolae_fountain_basement,
          uniq_prince_ribbit1, uniq_eustachio, uniq_blork_the_orc
Temple:   dshaligram_water_room_temple

Skill      XL: |  1  2  3  4  5  6  7 |
---------------+----------------------+-----
Axes           | 1 2 |  2.5
Invocations    | 3 |  3.6
Fighting       | 2 3 |  3.5
Armour         | 2 3 |  3.2
Shields        | 2 3 |  3.3
Unarmed Combat | 1 2 3 |  3.4
Dodging        | 1 |  1.4
Maces & Flails | |  1.7
Stealth        | |  3.6

Action                   |  1- 3 |  4- 6 |  7- 9 || total
-------------------------+-------+-------+-------++-------
Melee: Dagger            |    64 |       |       ||    64
       Unarmed           |       |   152 |    87 ||   239
       Tailslap          |       |    23 |    13 ||    36
Invok: Sacrifice Love    |       |       |     1 ||     1
  Use: Potion            |     1 |       |       ||     1
       Scroll            |       |     2 |     1 ||     3
 Stab: Sleeping          |     6 |     6 |     1 ||    13
       Invisible         |     2 |       |       ||     2
       Distracted        |       |       |     1 ||     1
Armor: Leather armour    |    21 |       |       ||    21
       Ring mail         |       |    32 |    14 ||    46
Dodge: Dodged            |    27 |    48 |    24 ||    99
Block: Buckler           |     7 |    27 |    12 ||    46

Table legend: (Time is in decaauts)
 A = Elapsed time spent in this place.
 B = Non-inter-level travel time spent in this place.
 C = Inter-level travel time spent in this place.
 D = Time resting spent in this place.
 E = Time spent auto-exploring this place.
 F = Levels seen in this place.
 G = Mean time per level.
                   A        B        C        D        E       F      G
               +--------+--------+--------+--------+--------+-----+--------+
         Total |   5869 |   5683 |    186 |   2005 |   2788 |   7 |  838.4 |
       Dungeon |   5228 |   5058 |    170 |   1480 |   2788 |   6 |  871.3 |
        Temple |    641 |    625 |     16 |    525 |      0 |   1 |  641.0 |
               +--------+--------+--------+--------+--------+-----+--------+

Top non-repeatable levels by time:
     D:5: 1645 daAuts
     D:1: 982 daAuts
     D:3: 808 daAuts
     D:4: 793 daAuts
     D:2: 766 daAuts
  Temple: 641 daAuts
     D:6: 232 daAuts
